| TOP OF THE 1ST |
|
Aberdeen Pheasants batting - Pitching for St. Cloud Rox : RHP Bruce Reyna
|
|
Pitching: RHP Bruce Reyna
|
|
|
Batting: SHB Stephen Moore
|
0-0: Ball 1-0: DOUBLE (Line Drive, 9LS, EV 96.3 MPH)
|
|
Batting: LHB Rick Leach
|
0-0: SINGLE (Flyball, 89S, EV 95.6 MPH) Stephen Moore to third
|
|
Batting: LHB Tim Thompson
|
0-0: Ball 1-0: Ball 2-0: Reached on error, E3 (Groundball, 3, EV 78.8 MPH) Stephen Moore scores Rick Leach to second
|
|
Batting: RHB Thomas Masterson
|
0-0: Ball 1-0: Ball 2-0: Ball 3-0: Called Strike 3-1: Base on Balls Rick Leach to third Tim Thompson to second
|
|
Batting: RHB Greg Howe
|
0-0: Called Strike 0-1: Fly out, F9 (Flyball, 9LD, EV 98.1 MPH)
|
|
Batting: RHB Pedro Chavez
|
0-0: Ball 1-0: DOUBLE (Line Drive, 3D, EV 98.8 MPH) Rick Leach scores Tim Thompson scores Thomas Masterson to third Runner from 3rd tries for Home, SAFE, throw by RF to home
|
|
Batting: RHB Alejandro Luna
|
0-0: Fly out, F8 (Flyball, 8RD, EV 103.8 MPH) Runner from 2nd tags up, SAFE at 3rd with throw by CF
|
|
Batting: RHB Armando Ramirez
|
0-0: Ball 1-0: DOUBLE (Groundball, 5L, EV 102.5 MPH) Pedro Chavez scores
|
|
Batting: RHB Diego Martinez
|
0-0: Called Strike 0-1: Ball 1-1: SINGLE (Line Drive, 4D, EV 96.3 MPH) Armando Ramirez to third Runner from 3rd tries for Home, SAFE, throw by CF to home
|
|
Batting: SHB Stephen Moore
|
0-0: Ball Wild Pitch! Diego Martinez to second 1-0: Ball 2-0: Foul Ball, location: 2F 2-1: Ground out 6-3 (Groundball, 6MS, EV 84.4 MPH)
|
| Top of the 1st over - 6 runs, 5 hits, 1 error, 1 left on base; Aberdeen 6 - St. Cloud 0 |
| BOTTOM OF THE 1ST |
|
St. Cloud Rox batting - Pitching for Aberdeen Pheasants : RHP Mark Knudson
|
|
Pitching: RHP Mark Knudson
|
|
|
Batting: LHB Doran Perdue
|
0-0: Called Strike 0-1: Ball 1-1: Foul Ball, location: 2F 1-2: Ground out 5-3 (Groundball, 56, EV 102.5 MPH)
|
|
Batting: RHB Ron Gardenhire
|
0-0: DOUBLE (Flyball, 89D, EV 96.3 MPH)
|
|
Batting: SHB R J Reynolds
|
0-0: Called Strike 0-1: Ball 1-1: Ball 2-1: Ground out 3-1 (Groundball, 34S, EV 84.4 MPH) Ron Gardenhire to third
|
|
Batting: LHB Tim Flannery
|
0-0: Ball 1-0: Fly out, F9 (Flyball, 89M, EV 73.1 MPH)
|
| Bottom of the 1st over - 0 runs, 1 hit, 0 errors, 1 left on base; Aberdeen 6 - St. Cloud 0 |
| TOP OF THE 2ND |
|
Aberdeen Pheasants batting - Pitching for St. Cloud Rox : RHP Bruce Reyna
|
|
Batting: LHB Rick Leach
|
0-0: Swinging Strike 0-1: Swinging Strike 0-2: Ball 1-2: Ball 2-2: Foul Ball, location: 2F 2-2: SINGLE (Line Drive, 3D, EV 94.4 MPH)
|
|
Batting: LHB Tim Thompson
|
0-0: Ball 1-0: Foul Ball, location: 2F 1-1: Foul Ball, location: 2F 1-2: SINGLE (Groundball, 4MD, EV 106.3 MPH) Rick Leach to second Runner from 2nd tries for 3rd, SAFE, no throw by CF
|
|
Batting: RHB Thomas Masterson
|
0-0: Swinging Strike 0-1: Ball 1-1: Ball 2-1: Foul Ball, location: 2F 2-2: Strikes out swinging
|
|
Batting: RHB Greg Howe
|
0-0: Ball 1-0: DOUBLE (Flyball, 78XD, EV 108.8 MPH) Rick Leach scores Tim Thompson to third
|
|
Batting: RHB Pedro Chavez
|
0-0: Ball 1-0: Called Strike 1-1: Ground out 5-3 (Groundball, 56, EV 105.0 MPH) Tim Thompson scores
|
|
Pitching: RHP Thomas Wertz
|
|
|
Batting: RHB Alejandro Luna
|
0-0: Ground out 5-3 (Groundball, 56, EV 101.3 MPH)
|
| Top of the 2nd over - 2 runs, 3 hits, 0 errors, 1 left on base; Aberdeen 8 - St. Cloud 0 |
| BOTTOM OF THE 2ND |
|
St. Cloud Rox batting - Pitching for Aberdeen Pheasants : RHP Mark Knudson
|
|
Batting: LHB Curtis Morgan
|
0-0: Foul Ball, location: 2F 0-1: SINGLE (Groundball, 56, EV 98.8 MPH)
|
|
Batting: RHB Douglas Morganti
|
0-0: Called Strike 0-1: Foul Ball, location: 2F 0-2: Ball 1-2: Fly out, F7 (Flyball, 7S, EV 76.3 MPH)
|
|
Batting: SHB Manny Galvez
|
0-0: Fielders Choice at 2nd, 4-6 (Groundball, 34D, EV 79.4 MPH)
|
|
Batting: RHB Butch Benton
|
0-0: Foul Ball, location: 2F 0-1: Ball 1-1: SINGLE (Groundball, 6MD, EV 101.3 MPH) Manny Galvez to second
|
|
Batting: RHB Jack Hudson
|
0-0: Ground out 4-3 (Groundball, 4S, EV 69.4 MPH)
|
| Bottom of the 2nd over - 0 runs, 2 hits, 0 errors, 2 left on base; Aberdeen 8 - St. Cloud 0 |
| TOP OF THE 3RD |
|
Aberdeen Pheasants batting - Pitching for St. Cloud Rox : RHP Thomas Wertz
|
|
Batting: RHB Armando Ramirez
|
0-0: Called Strike 0-1: Foul Ball, location: 2F 0-2: Ball 1-2: Ground out 6-3 (Groundball, 6, EV 78.1 MPH)
|
|
Batting: RHB Diego Martinez
|
0-0: Ball 1-0: Ball 2-0: Called Strike 2-1: Foul Ball, location: 2F 2-2: Strikes out looking
|
|
Batting: SHB Stephen Moore
|
0-0: Called Strike 0-1: Foul Ball, location: 2F 0-2: Foul Ball, location: 2F 0-2: Ball 1-2: Ball 2-2: Ground out U3 (Groundball, 3, EV 88.8 MPH)
|
| Top of the 3rd over - 0 runs, 0 hits, 0 errors, 0 left on base; Aberdeen 8 - St. Cloud 0 |
| BOTTOM OF THE 3RD |
|
St. Cloud Rox batting - Pitching for Aberdeen Pheasants : RHP Mark Knudson
|
|
Batting: LHB Doran Perdue
|
0-0: Ball 1-0: Ball 2-0: Ball 3-0: Called Strike 3-1: Foul Ball, location: 2F 3-2: Foul Ball, location: 2F 3-2: SINGLE (Line Drive, 7LS, EV 98.8 MPH)
|
|
Batting: RHB Ron Gardenhire
|
0-0: Ball 1-0: Ball 2-0: Foul Ball, location: 2F 2-1: Ball 3-1: Fly out, F8 (Flyball, 78D, EV 91.9 MPH)
|
|
Batting: SHB R J Reynolds
|
0-0: Ball 1-0: Ball 2-0: Foul Ball, location: 2F 2-1: Foul Ball, location: 2F 2-2: Foul Ball, location: 2F 2-2: Foul Ball, location: 2F 2-2: Fly out, F6 (Line Drive, 6, EV 60.6 MPH)
|
|
Batting: LHB Tim Flannery
|
0-0: Ball Doran Perdue steals 2nd base (no throw) 1-0: Fly out, F8 (Line Drive, 8RM, EV 91.3 MPH)
|
| Bottom of the 3rd over - 0 runs, 1 hit, 0 errors, 1 left on base; Aberdeen 8 - St. Cloud 0 |
| TOP OF THE 4TH |
|
Aberdeen Pheasants batting - Pitching for St. Cloud Rox : RHP Thomas Wertz
|
|
Batting: LHB Rick Leach
|
0-0: Ball 1-0: Fly out, F8 (Flyball, 8LD, EV 108.1 MPH)
|
|
Batting: LHB Tim Thompson
|
0-0: SINGLE (Flyball, 78S, EV 90.6 MPH)
|
|
Batting: RHB Thomas Masterson
|
0-0: Called Strike 0-1: Ball 1-1: Ball 2-1: Foul Ball, location: 2F 2-2: Ball 3-2: Fly out, F8 (Flyball, 8LS, EV 90.0 MPH)
|
|
Batting: RHB Greg Howe
|
0-0: Ball 1-0: SINGLE (Groundball, 6MD, EV 97.5 MPH) Tim Thompson to second
|
|
Batting: RHB Pedro Chavez
|
0-0: Fly out, F7 (Flyball, 7LS, EV 93.8 MPH)
|
| Top of the 4th over - 0 runs, 2 hits, 0 errors, 2 left on base; Aberdeen 8 - St. Cloud 0 |
| BOTTOM OF THE 4TH |
|
St. Cloud Rox batting - Pitching for Aberdeen Pheasants : RHP Mark Knudson
|
|
Batting: LHB Curtis Morgan
|
0-0: Ball 1-0: Foul Ball, location: 2F 1-1: Foul Ball, location: 2F 1-2: Ball 2-2: Foul Ball, location: 2F 2-2: Ball 3-2: SOLO HOME RUN (Flyball, 9D, EV 94.4 MPH), Distance : 354 ft
|
|
Batting: RHB Douglas Morganti
|
0-0: Ball 1-0: Ball 2-0: Called Strike 2-1: Foul Ball, location: 2F 2-2: Foul Ball, location: 2F 2-2: Foul Ball, location: 2F 2-2: Fly out, F7 (Flyball, 7LM, EV 104.4 MPH)
|
|
Batting: SHB Manny Galvez
|
0-0: Called Strike 0-1: Ball 1-1: Ball 2-1: Fly out, F8 (Flyball, 8RS, EV 88.1 MPH)
|
|
Batting: RHB Butch Benton
|
0-0: Called Strike 0-1: Ball 1-1: Ball 2-1: Ball 3-1: Swinging Strike 3-2: Foul Ball, location: 2F 3-2: Foul Ball, location: 2F 3-2: Ground out 6-3 (Groundball, 6S, EV 62.5 MPH)
|
| Bottom of the 4th over - 1 run, 1 hit, 0 errors, 0 left on base; Aberdeen 8 - St. Cloud 1 |
| TOP OF THE 5TH |
|
Aberdeen Pheasants batting - Pitching for St. Cloud Rox : RHP Thomas Wertz
|
|
Batting: RHB Alejandro Luna
|
0-0: Called Strike 0-1: Foul Ball, location: 2F 0-2: Ball 1-2: Ball 2-2: Foul Ball, location: 2F 2-2: Ground out 6-3 (Groundball, 6, EV 103.8 MPH)
|
|
Batting: RHB Armando Ramirez
|
0-0: Swinging Strike 0-1: Foul Ball, location: 2F 0-2: SINGLE (Flyball, 4D, EV 84.4 MPH)
|
|
Batting: RHB Diego Martinez
|
0-0: Ball 1-0: Ball 2-0: Called Strike 2-1: Grounds into double play, 6-4-3 (Groundball, 56, EV 111.3 MPH)
|
| Top of the 5th over - 0 runs, 1 hit, 0 errors, 0 left on base; Aberdeen 8 - St. Cloud 1 |
| BOTTOM OF THE 5TH |
|
St. Cloud Rox batting - Pitching for Aberdeen Pheasants : RHP Mark Knudson
|
|
Batting: RHB Jack Hudson
|
0-0: Ground out 6-3 (Groundball, 6MS, EV 71.9 MPH)
|
|
Batting: LHB Doran Perdue
|
0-0: Ball 1-0: Ball 2-0: Ball 3-0: Called Strike 3-1: Foul Ball, location: 2F 3-2: Base on Balls
|
|
Batting: RHB Ron Gardenhire
|
0-0: Fly out, F8 (Flyball, 89M, EV 74.4 MPH)
|
|
Batting: SHB R J Reynolds
|
0-0: Called Strike 0-1: Fly out, F8 (Flyball, 8LS, EV 88.1 MPH)
|
| Bottom of the 5th over - 0 runs, 0 hits, 0 errors, 1 left on base; Aberdeen 8 - St. Cloud 1 |
| TOP OF THE 6TH |
|
Aberdeen Pheasants batting - Pitching for St. Cloud Rox : RHP Thomas Wertz
|
|
Batting: SHB Stephen Moore
|
0-0: Ball 1-0: Ball 2-0: Foul Ball, location: 2F 2-1: Ball 3-1: Base on Balls
|
|
Batting: LHB Rick Leach
|
0-0: Ball 1-0: Ball 2-0: Called Strike 2-1: Grounds into double play, 4-6-3 (Groundball, 4, EV 116.3 MPH)
|
|
Batting: LHB Tim Thompson
|
0-0: Foul Ball, location: 2F 0-1: Ball 1-1: Foul Ball, location: 2F 1-2: Foul Ball, location: 2F 1-2: Strikes out swinging
|
| Top of the 6th over - 0 runs, 0 hits, 0 errors, 0 left on base; Aberdeen 8 - St. Cloud 1 |
| BOTTOM OF THE 6TH |
|
St. Cloud Rox batting - Pitching for Aberdeen Pheasants : RHP Mark Knudson
|
|
Batting: LHB Tim Flannery
|
0-0: Ball 1-0: SINGLE (Line Drive, 6M, EV 98.8 MPH)
|
|
Batting: LHB Curtis Morgan
|
0-0: Foul Ball, location: 2F 0-1: Foul Ball, location: 2F 0-2: Ball 1-2: Ball 2-2: Grounds into double play, 4-6-3 (Groundball, 4, EV 91.3 MPH)
|
|
Batting: RHB Douglas Morganti
|
0-0: Ball 1-0: Ball 2-0: Ball 3-0: Called Strike 3-1: Foul Ball, location: 2F 3-2: Foul Ball, location: 2F 3-2: Ground out 6-3 (Groundball, 6, EV 92.5 MPH)
|
| Bottom of the 6th over - 0 runs, 1 hit, 0 errors, 0 left on base; Aberdeen 8 - St. Cloud 1 |
| TOP OF THE 7TH |
|
Aberdeen Pheasants batting - Pitching for St. Cloud Rox : RHP Thomas Wertz
|
|
Batting: RHB Thomas Masterson
|
0-0: Fly out, F6 (Popup, 6, EV 57.5 MPH)
|
|
Batting: RHB Greg Howe
|
0-0: Ball 1-0: Ball 2-0: Called Strike 2-1: Foul Ball, location: 2F 2-2: Ball 3-2: Foul Ball, location: 2F 3-2: Fly out, F3 (Popup, 3S, EV 80.6 MPH)
|
|
Batting: RHB Pedro Chavez
|
0-0: Called Strike 0-1: Ground out 6-3 (Groundball, 6S, EV 82.5 MPH)
|
| Top of the 7th over - 0 runs, 0 hits, 0 errors, 0 left on base; Aberdeen 8 - St. Cloud 1 |
| BOTTOM OF THE 7TH |
|
St. Cloud Rox batting - Pitching for Aberdeen Pheasants : RHP Mark Knudson
|
|
Pinch Hitting: RHB Carlos Amezcua
|
0-0: Foul Ball, location: 2F 0-1: Ball 1-1: SINGLE (Groundball, 25, EV 68.8 MPH) (infield hit)
|
|
Batting: RHB Butch Benton
|
0-0: Called Strike 0-1: Foul Ball, location: 2F 0-2: Ball 1-2: Foul Ball, location: 2F 1-2: SINGLE (Groundball, 6MD, EV 99.4 MPH) Carlos Amezcua to second
|
|
Batting: RHB Jack Hudson
|
0-0: Called Strike 0-1: Ball 1-1: Foul Ball, location: 2F 1-2: Ground out 3-1 (Groundball, 34S, EV 86.9 MPH) Carlos Amezcua to third Butch Benton to second
|
|
Batting: LHB Doran Perdue
|
0-0: Called Strike 0-1: Ball 1-1: Called Strike 1-2: Fly out, F7 (Flyball, 7LS, EV 95.0 MPH)
|
|
Batting: RHB Ron Gardenhire
|
0-0: Foul Ball, location: 2F 0-1: Ball 1-1: Ground out U3 (Groundball, 13, EV 87.5 MPH)
|
| Bottom of the 7th over - 0 runs, 2 hits, 0 errors, 2 left on base; Aberdeen 8 - St. Cloud 1 |
| TOP OF THE 8TH |
|
Aberdeen Pheasants batting - Pitching for St. Cloud Rox : RHP Thomas Wertz
|
|
Pitching: RHP Mike Martinez
|
|
|
Now at SS: Carlos Amezcua
|
|
|
Batting: RHB Alejandro Luna
|
0-0: Ball 1-0: SINGLE (Groundball, 5S, EV 68.1 MPH) (infield hit)
|
|
Batting: RHB Armando Ramirez
|
0-0: Ball 1-0: Ball 2-0: 2-RUN HOME RUN (Flyball, 9D, EV 93.1 MPH), Distance : 371 ft
|
|
Batting: RHB Diego Martinez
|
0-0: Ball 1-0: Foul Ball, location: 2F 1-1: SINGLE (Groundball, 6MS, EV 65.0 MPH) (infield hit)
|
|
Batting: SHB Stephen Moore
|
0-0: 2-RUN HOME RUN (Flyball, 9LD, EV 102.5 MPH), Distance : 350 ft
|
|
Pitching: LHP Mark Shiflett
|
|
|
Batting: LHB Rick Leach
|
0-0: Ball 1-0: Ground out 6-3 (Groundball, 6, EV 77.5 MPH)
|
|
Batting: LHB Tim Thompson
|
0-0: Foul Ball, location: 2F 0-1: Foul Ball, location: 2F 0-2: Strikes out swinging
|
|
Batting: RHB Thomas Masterson
|
0-0: Called Strike 0-1: Foul Ball, location: 2F 0-2: Ball 1-2: Foul Ball, location: 2F 1-2: Ball 2-2: Ball 3-2: Strikes out swinging
|
| Top of the 8th over - 4 runs, 4 hits, 0 errors, 0 left on base; Aberdeen 12 - St. Cloud 1 |
| BOTTOM OF THE 8TH |
|
St. Cloud Rox batting - Pitching for Aberdeen Pheasants : RHP Mark Knudson
|
|
Batting: SHB R J Reynolds
|
0-0: TRIPLE (Line Drive, 89XD, EV 108.1 MPH)
|
|
Batting: LHB Tim Flannery
|
0-0: Called Strike 0-1: Ground out 6-3 (Groundball, 6S, EV 68.1 MPH) R J Reynolds scores
|
|
Batting: LHB Curtis Morgan
|
0-0: Ball 1-0: Ball 2-0: Called Strike 2-1: Ball 3-1: Base on Balls
|
|
Batting: RHB Douglas Morganti
|
0-0: Ball 1-0: Ball 2-0: Foul Ball, location: 2F 2-1: Foul Ball, location: 2F 2-2: Foul Ball, location: 2F 2-2: Strikes out swinging
|
|
Batting: RHB Carlos Amezcua
|
0-0: Fly out, F8 (Flyball, 8RD, EV 94.4 MPH)
|
| Bottom of the 8th over - 1 run, 1 hit, 0 errors, 1 left on base; Aberdeen 12 - St. Cloud 2 |
| TOP OF THE 9TH |
|
Aberdeen Pheasants batting - Pitching for St. Cloud Rox : LHP Mark Shiflett
|
|
Batting: RHB Greg Howe
|
0-0: Ball 1-0: Swinging Strike 1-1: Swinging Strike 1-2: Ball 2-2: Foul Ball, location: 2F 2-2: Ground out U3 (Groundball, 3S, EV 68.8 MPH)
|
|
Batting: RHB Pedro Chavez
|
0-0: Ball 1-0: Ball 2-0: Ball 3-0: Called Strike 3-1: Foul Ball, location: 2F 3-2: DOUBLE (Line Drive, 8RD, EV 105.6 MPH)
|
|
Batting: RHB Alejandro Luna
|
0-0: Ball 1-0: Ball 2-0: Foul Ball, location: 2F 2-1: DOUBLE (Flyball, 78D, EV 108.8 MPH) Pedro Chavez scores
|
|
Batting: RHB Armando Ramirez
|
0-0: Called Strike 0-1: Ground out 6-3 (Groundball, 6, EV 103.8 MPH)
|
|
Batting: RHB Diego Martinez
|
0-0: Ball 1-0: Ball 2-0: Ball 3-0: Called Strike 3-1: Fly out, F3 (Popup, 3SF, EV 80.0 MPH)
|
| Top of the 9th over - 1 run, 2 hits, 0 errors, 1 left on base; Aberdeen 13 - St. Cloud 2 |
| BOTTOM OF THE 9TH |
|
St. Cloud Rox batting - Pitching for Aberdeen Pheasants : RHP Mark Knudson
|
|
Batting: RHB Butch Benton
|
0-0: Foul Ball, location: 2F 0-1: Ball 1-1: Foul Ball, location: 2F 1-2: Ball 2-2: Fly out, F9 (Line Drive, 9, EV 91.3 MPH)
|
|
Batting: RHB Jack Hudson
|
0-0: Ball 1-0: Ball 2-0: Fly out, F7 (Line Drive, 7D, EV 107.5 MPH)
|
|
Batting: LHB Doran Perdue
|
0-0: Ball 1-0: Swinging Strike 1-1: Called Strike 1-2: Ground out 3-1 (Groundball, 34S, EV 85.6 MPH)
|
| Bottom of the 9th over - 0 runs, 0 hits, 0 errors, 0 left on base; Aberdeen 13 - St. Cloud 2 |
|